TOP OF THE 1ST |
Iowa Cubs batting - Pitching for Oklahoma City Dodgers : RHP Santiago Montero
|
Pitching: RHP Santiago Montero
|
|
Batting: SHB Seung-ho Zhang
|
0-0: Ball 1-0: Called Strike 1-1: Ground out U3 (Groundball, 3L, EV 88.1 MPH)
|
Batting: RHB Jon Aguilar
|
0-0: Ball 1-0: Foul Ball, location: 2F 1-1: Foul Ball, location: 2F 1-2: Ground out 5-3 (Groundball, 56, EV 101.9 MPH)
|
Batting: LHB Mark Ingram
|
0-0: Ball 1-0: Ball 2-0: Swinging Strike 2-1: Foul Ball, location: 2F 2-2: Strikes out looking
|
Top of the 1st over - 0 runs, 0 hits, 0 errors, 0 left on base; Iowa 0 - Oklahoma City 0 |
BOTTOM OF THE 1ST |
Oklahoma City Dodgers batting - Pitching for Iowa Cubs : RHP Dustin Buckner
|
Pitching: RHP Dustin Buckner
|
|
Batting: RHB Theo Schepers
|
0-0: Foul Ball, location: 2F 0-1: Swinging Strike 0-2: Ball 1-2: Foul Ball, location: 2F 1-2: Ball 2-2: Ball 3-2: DOUBLE (Groundball, 5L, EV 108.8 MPH)
|
Batting: RHB Jeremy Giesler
|
0-0: Ball 1-0: Called Strike 1-1: Called Strike 1-2: Strikes out swinging
|
Batting: LHB Jose Robles
|
0-0: Ball Theo Schepers steals 3rd base 1-0: Swinging Strike 1-1: SINGLE (Groundball, 34D, EV 103.8 MPH) Theo Schepers scores
|
Batting: LHB Chris Fandino
|
0-0: Fielders Choice at 2nd, 4-6 (Groundball, 4MD, EV 105.0 MPH)
|
Batting: LHB Robin More
|
0-0: Called Strike 0-1: Called Strike 0-2: Ball 1-2: Fly out, F9 (Flyball, 89M, EV 88.1 MPH)
|
Bottom of the 1st over - 1 run, 2 hits, 0 errors, 1 left on base; Iowa 0 - Oklahoma City 1 |
TOP OF THE 2ND |
Iowa Cubs batting - Pitching for Oklahoma City Dodgers : RHP Santiago Montero
|
Batting: RHB Ricardo Aguinaga
|
0-0: Ball 1-0: Ball 2-0: SINGLE (Groundball, 13S, EV 73.8 MPH) (infield hit)
|
Batting: SHB Gabriel Cruz
|
0-0: Called Strike 0-1: Ball 1-1: Swinging Strike 1-2: Strikes out swinging
|
Batting: RHB Adam O'Hare
|
0-0: Ball 1-0: Ball 2-0: Ball 3-0: Called Strike 3-1: Foul Ball, location: 2F 3-2: Grounds into double play, 5-4-3 (Groundball, 56, EV 87.5 MPH)
|
Top of the 2nd over - 0 runs, 1 hit, 0 errors, 0 left on base; Iowa 0 - Oklahoma City 1 |
BOTTOM OF THE 2ND |
Oklahoma City Dodgers batting - Pitching for Iowa Cubs : RHP Dustin Buckner
|
Batting: LHB Darrell Ortega
|
0-0: Foul Ball, location: 2F 0-1: Swinging Strike 0-2: Ball 1-2: Foul Ball, location: 2F 1-2: Strikes out swinging
|
Batting: RHB T.J. Jordan
|
0-0: Swinging Strike 0-1: Swinging Strike 0-2: Foul Ball, location: 2F 0-2: Foul Ball, location: 2F 0-2: Ball 1-2: Ball 2-2: Strikes out swinging
|
Batting: LHB Chris Raymond
|
0-0: Ball 1-0: Foul Ball, location: 2F 1-1: Ball 2-1: Swinging Strike 2-2: Strikes out swinging
|
Bottom of the 2nd over - 0 runs, 0 hits, 0 errors, 0 left on base; Iowa 0 - Oklahoma City 1 |
TOP OF THE 3RD |
Iowa Cubs batting - Pitching for Oklahoma City Dodgers : RHP Santiago Montero
|
Batting: RHB Brian Gargis
|
0-0: Ball 1-0: Called Strike 1-1: Foul Ball, location: 2F 1-2: Ball 2-2: Ball 3-2: Base on Balls
|
Batting: RHB Pat Barton
|
0-0: Ball 1-0: Ball 2-0: Ball 3-0: Base on Balls Brian Gargis to second
|
Batting: RHB Rich Thurman
|
0-0: Ball 1-0: Called Strike 1-1: Foul Ball, location: 2F 1-2: DOUBLE (Flyball, 78D, EV 103.8 MPH) Brian Gargis scores Pat Barton to third Runner from 3rd tries for Home, throw by CF and OUT! 8-6-2
|
Batting: SHB Seung-ho Zhang
|
0-0: SINGLE (Groundball, 4, EV 95.0 MPH) Rich Thurman to third Runner from 3rd tries for Home, SAFE, throw by RF to home
|
Batting: RHB Jon Aguilar
|
0-0: Ball Seung-ho Zhang is caught stealing 2nd base 2-4 1-0: Called Strike 1-1: Ground out 6-3 (Groundball, 6S, EV 91.9 MPH)
|
Top of the 3rd over - 2 runs, 2 hits, 0 errors, 0 left on base; Iowa 2 - Oklahoma City 1 |
BOTTOM OF THE 3RD |
Oklahoma City Dodgers batting - Pitching for Iowa Cubs : RHP Dustin Buckner
|
Batting: RHB Mike Dodson
|
0-0: Foul Ball, location: 2F 0-1: Ground out 5-3 (Groundball, 5L, EV 82.5 MPH)
|
Batting: RHB Theo Schepers
|
0-0: Ball 1-0: Ball 2-0: Ball 3-0: Called Strike 3-1: Fly out, F8 (Flyball, 8LS, EV 88.8 MPH)
|
Batting: RHB Jeremy Giesler
|
0-0: Ball 1-0: Foul Ball, location: 2F 1-1: Called Strike 1-2: Foul Ball, location: 2F 1-2: SOLO HOME RUN (Flyball, 89XD, EV 105.6 MPH), Distance : 416 ft
|
Batting: LHB Jose Robles
|
0-0: Called Strike 0-1: Ball 1-1: Ground out 6-3 (Groundball, 4M, EV 85.6 MPH)
|
Bottom of the 3rd over - 1 run, 1 hit, 0 errors, 0 left on base; Iowa 2 - Oklahoma City 2 |
TOP OF THE 4TH |
Iowa Cubs batting - Pitching for Oklahoma City Dodgers : RHP Santiago Montero
|
Batting: LHB Mark Ingram
|
0-0: Called Strike 0-1: Ball 1-1: Foul Ball, location: 2F 1-2: Ball 2-2: Ball 3-2: Strikes out swinging
|
Batting: RHB Ricardo Aguinaga
|
0-0: Swinging Strike 0-1: Ball 1-1: Ball 2-1: Foul Ball, location: 2F 2-2: Strikes out swinging
|
Batting: SHB Gabriel Cruz
|
0-0: Ground out 1-3 (Groundball, 13, EV 66.2 MPH)
|
Top of the 4th over - 0 runs, 0 hits, 0 errors, 0 left on base; Iowa 2 - Oklahoma City 2 |
BOTTOM OF THE 4TH |
Oklahoma City Dodgers batting - Pitching for Iowa Cubs : RHP Dustin Buckner
|
Batting: LHB Chris Fandino
|
0-0: Called Strike 0-1: Ground out 6-3 (Groundball, 56, EV 83.1 MPH)
|
Batting: LHB Robin More
|
0-0: Ball 1-0: Foul Ball, location: 2F 1-1: Ball 2-1: Ball 3-1: SINGLE (Line Drive, 78S, EV 100.0 MPH)
|
Batting: LHB Darrell Ortega
|
0-0: Ball 1-0: Swinging Strike 1-1: Called Strike 1-2: Ball 2-2: Foul Ball, location: 2F 2-2: Strikes out swinging
|
Batting: RHB T.J. Jordan
|
0-0: Ball 1-0: Ball 2-0: Fly out, F8 (Flyball, 78S, EV 91.2 MPH)
|
Bottom of the 4th over - 0 runs, 1 hit, 0 errors, 1 left on base; Iowa 2 - Oklahoma City 2 |
TOP OF THE 5TH |
Iowa Cubs batting - Pitching for Oklahoma City Dodgers : RHP Santiago Montero
|
Batting: RHB Adam O'Hare
|
0-0: Called Strike 0-1: Ball 1-1: Ball 2-1: Foul Ball, location: 2F 2-2: SINGLE (Flyball, 9LS, EV 101.9 MPH)
|
Batting: RHB Brian Gargis
|
0-0: SINGLE (Groundball, 4D, EV 106.9 MPH) Adam O'Hare to second Runner from 2nd tries for 3rd, SAFE, throw by RF made to third
|
Batting: RHB Pat Barton
|
0-0: Ball Brian Gargis steals 2nd base 1-0: Called Strike 1-1: Ball 2-1: SINGLE (Line Drive, 3D, EV 96.9 MPH) Adam O'Hare scores Brian Gargis to third Runner from 3rd tries for Home, throw by RF and OUT! 9-2 Pat Barton to second
|
Batting: RHB Rich Thurman
|
0-0: Ball 1-0: Ball 2-0: Called Strike 2-1: Swinging Strike 2-2: Ball 3-2: Base on Balls
|
Batting: SHB Seung-ho Zhang
|
0-0: Ball 1-0: Foul Ball, location: 2F 1-1: Ball 2-1: Ball 3-1: Fly out, F7 (Flyball, 7LSF, EV 74.4 MPH)
|
Batting: RHB Jon Aguilar
|
0-0: Fielders Choice at 2nd, 6-4 (Groundball, 6, EV 106.2 MPH)
|
Top of the 5th over - 1 run, 3 hits, 0 errors, 2 left on base; Iowa 3 - Oklahoma City 2 |
BOTTOM OF THE 5TH |
Oklahoma City Dodgers batting - Pitching for Iowa Cubs : RHP Dustin Buckner
|
Batting: LHB Chris Raymond
|
0-0: Called Strike 0-1: Ball 1-1: Called Strike 1-2: Hit by Pitch
|
Batting: RHB Mike Dodson
|
0-0: Fly out, F8 (Flyball, 8RD, EV 102.5 MPH)
|
Batting: RHB Theo Schepers
|
0-0: SINGLE (Groundball, 6MD, EV 100.0 MPH) Chris Raymond to second
|
Batting: RHB Jeremy Giesler
|
0-0: Swinging Strike 0-1: Swinging Strike 0-2: Foul Ball, location: 2F 0-2: Ball 1-2: Strikes out swinging
|
Batting: LHB Jose Robles
|
0-0: Fly out, F8 (Line Drive, 8RD, EV 97.5 MPH)
|
Bottom of the 5th over - 0 runs, 1 hit, 0 errors, 2 left on base; Iowa 3 - Oklahoma City 2 |
TOP OF THE 6TH |
Iowa Cubs batting - Pitching for Oklahoma City Dodgers : RHP Santiago Montero
|
Batting: LHB Mark Ingram
|
0-0: SINGLE (Line Drive, 8RS, EV 100.6 MPH)
|
Batting: RHB Ricardo Aguinaga
|
0-0: Swinging Strike 0-1: Foul Ball, location: 2F 0-2: Grounds into double play, 6-4-3 (Groundball, 6, EV 94.4 MPH)
|
Batting: SHB Gabriel Cruz
|
0-0: Called Strike 0-1: Swinging Strike 0-2: Foul Ball, location: 2F 0-2: Ball 1-2: Fly out, F5 (Popup, 5S, EV 66.9 MPH)
|
Top of the 6th over - 0 runs, 1 hit, 0 errors, 0 left on base; Iowa 3 - Oklahoma City 2 |
BOTTOM OF THE 6TH |
Oklahoma City Dodgers batting - Pitching for Iowa Cubs : RHP Dustin Buckner
|
Batting: LHB Chris Fandino
|
0-0: Swinging Strike 0-1: Ball 1-1: Ball 2-1: Ball 3-1: Base on Balls
|
Batting: LHB Robin More
|
0-0: Called Strike 0-1: Called Strike 0-2: Ball 1-2: Foul Ball, location: 2F 1-2: Ball 2-2: SINGLE (Groundball, 6D, EV 107.5 MPH) Chris Fandino to second
|
Batting: LHB Darrell Ortega
|
0-0: Swinging Strike 0-1: Ball 1-1: Called Strike 1-2: Ball 2-2: Foul Ball, location: 2F 2-2: Grounds into double play, 6-4-3 (Groundball, 6, EV 100.0 MPH) Chris Fandino to third
|
Pitching: RHP Jose Ramirez
|
|
Batting: RHB T.J. Jordan
|
0-0: Ball 1-0: Ground out 6-3 (Groundball, 6, EV 88.8 MPH)
|
Bottom of the 6th over - 0 runs, 1 hit, 0 errors, 1 left on base; Iowa 3 - Oklahoma City 2 |
TOP OF THE 7TH |
Iowa Cubs batting - Pitching for Oklahoma City Dodgers : RHP Santiago Montero
|
Pitching: LHP Dave Burridge
|
|
Batting: RHB Adam O'Hare
|
0-0: Foul Ball, location: 2F 0-1: Called Strike 0-2: Strikes out swinging
|
Batting: RHB Brian Gargis
|
0-0: Ball 1-0: Called Strike 1-1: Swinging Strike 1-2: Strikes out swinging, 2-3 out at first.
|
Batting: RHB Pat Barton
|
0-0: Ball 1-0: Ball 2-0: Ball 3-0: Foul Ball, location: 2F 3-1: Called Strike 3-2: Ground out U3 (Groundball, 34S, EV 82.5 MPH)
|
Top of the 7th over - 0 runs, 0 hits, 0 errors, 0 left on base; Iowa 3 - Oklahoma City 2 |
BOTTOM OF THE 7TH |
Oklahoma City Dodgers batting - Pitching for Iowa Cubs : RHP Jose Ramirez
|
Batting: LHB Chris Raymond
|
0-0: Ball 1-0: Called Strike 1-1: Fly out, F7 (Flyball, 7LS, EV 86.2 MPH)
|
Pinch Hitting: LHB Tony Morales
|
0-0: Called Strike 0-1: Ball 1-1: Foul Ball, location: 2F 1-2: Strikes out swinging
|
Batting: RHB Theo Schepers
|
0-0: Ball 1-0: Swinging Strike 1-1: Ground out 5-3 (Groundball, 56S, EV 73.8 MPH)
|
Bottom of the 7th over - 0 runs, 0 hits, 0 errors, 0 left on base; Iowa 3 - Oklahoma City 2 |
TOP OF THE 8TH |
Iowa Cubs batting - Pitching for Oklahoma City Dodgers : LHP Dave Burridge
|
Now at SS: Carlos Talavera
|
|
Batting: RHB Rich Thurman
|
0-0: Fly out, F7 (Line Drive, 78M, EV 98.1 MPH)
|
Batting: SHB Seung-ho Zhang
|
0-0: Foul Ball, location: 2F 0-1: Foul Ball, location: 2F 0-2: Foul Ball, location: 2F 0-2: Strikes out swinging
|
Batting: RHB Jon Aguilar
|
0-0: Called Strike 0-1: Ball 1-1: Swinging Strike 1-2: Strikes out swinging
|
Top of the 8th over - 0 runs, 0 hits, 0 errors, 0 left on base; Iowa 3 - Oklahoma City 2 |
BOTTOM OF THE 8TH |
Oklahoma City Dodgers batting - Pitching for Iowa Cubs : RHP Jose Ramirez
|
Batting: RHB Jeremy Giesler
|
0-0: Ball 1-0: Ball 2-0: Ball 3-0: SINGLE (Groundball, 4M, EV 93.1 MPH) (infield hit)
|
Pitching: LHP Jose Urena
|
|
Batting: RHB Curt Earnest
|
0-0: Ball 1-0: Foul Ball, location: 2F 1-1: Ball 2-1: Foul Ball, location: 2F 2-2: Foul Ball, location: 2F 2-2: Strikes out swinging
|
Batting: LHB Chris Fandino
|
0-0: Swinging Strike 0-1: Ball 1-1: Ball 2-1: Foul Ball, location: 2F 2-2: Foul Ball, location: 2F 2-2: Foul Ball, location: 2F 2-2: Ball 3-2: Foul Ball, location: 2F 3-2: Strikes out swinging
|
Batting: LHB Robin More
|
0-0: Ball 1-0: Called Strike 1-1: Foul Ball, location: 2F 1-2: Strikes out swinging
|
Bottom of the 8th over - 0 runs, 1 hit, 0 errors, 1 left on base; Iowa 3 - Oklahoma City 2 |
TOP OF THE 9TH |
Iowa Cubs batting - Pitching for Oklahoma City Dodgers : LHP Dave Burridge
|
Pitching: RHP Takashi Kashiwabara
|
|
Batting: LHB Mark Ingram
|
0-0: Foul Ball, location: 2F 0-1: Fly out, F8 (Flyball, 89M, EV 95.6 MPH)
|
Batting: RHB Ricardo Aguinaga
|
0-0: Ball 1-0: Called Strike 1-1: Swinging Strike 1-2: Foul Ball, location: 2F 1-2: Strikes out swinging
|
Batting: SHB Gabriel Cruz
|
0-0: Ball 1-0: SINGLE (Flyball, 56D, EV 90.0 MPH)
|
Batting: RHB Adam O'Hare
|
0-0: Called Strike 0-1: Ball 1-1: Foul Ball, location: 2F 1-2: Ball Gabriel Cruz is caught stealing 2nd base 2-4
|
Top of the 9th over - 0 runs, 1 hit, 0 errors, 0 left on base; Iowa 3 - Oklahoma City 2 |
BOTTOM OF THE 9TH |
Oklahoma City Dodgers batting - Pitching for Iowa Cubs : LHP Jose Urena
|
Pitching: RHP Josh Ready
|
|
Now at 1B: Tony Mendez
|
|
Batting: LHB Darrell Ortega
|
0-0: Called Strike 0-1: Foul Ball, location: 2F 0-2: Ball 1-2: Strikes out swinging
|
Pinch Hitting: LHB Steve Pond
|
0-0: Ball 1-0: Swinging Strike 1-1: Ball 2-1: Ground out 4-3 (Groundball, 4, EV 81.9 MPH)
|
Batting: LHB Chris Raymond
|
0-0: Called Strike 0-1: Called Strike 0-2: Ball 1-2: Strikes out swinging
|
Bottom of the 9th over - 0 runs, 0 hits, 0 errors, 0 left on base; Iowa 3 - Oklahoma City 2 |
|